 Dungeon Crawl Stone Soup version 0.19-a0-821-gf489216 (webtiles) character file.

153 4thArraOfDagon the Insei (level 5, -3/32 HPs)
             Began as a Draconian Earth Elementalist on June 29, 2016.
             Was a Follower of Cheibriados.
             Killed from afar by Sigmund (8 damage)
             ... with a puff of flame
             ... on level 2 of the Dungeon.
             The game lasted 00:04:31 (873 turns).

4thArraOfDagon the Insei (DrEE)                      Turns: 873, Time: 00:04:31

Health: -3/32      AC:  5    Str: 13    XL:     5   Next: 12%
Magic:  7/8        EV:  8    Int: 18    God:    Cheibriados [*.....]
Gold:   45         SH:  0    Dex: 16    Spells: 2 memorised, 5 levels left

rFire  . . .     SeeInvis .     a - +1 short sword (elec)
rCold  . . .     Gourm    .     (armour unavailable)
rNeg   . . .     Faith    .     (no shield)
rPois  .         Spirit   .     (helmet restricted)
rElec  .         Dismiss  .     (no cloak)
rCorr  .         Reflect  .     (no gloves)
SustAt .         Harm     .     (no boots)
MR     .....                    (no amulet)
Stlth  ++........               (no ring)
                                (no ring)

@: very slightly contaminated, invisible, very slow, not resistant to hostile
enchantments, unstealthy
A: unfitting armour, deterioration 1, frail 2, cold-blooded, AC +5
a: Bend Time, Renounce Religion


You were on level 2 of the Dungeon.
You worshipped Cheibriados.
Cheibriados was aware of your devotion.
You were not hungry.

You visited 1 branch of the dungeon, and saw 5 of its levels.

You collected 45 gold pieces.

Inventory:

Hand Weapons
 a - a +1 short sword of electrocution (weapon)
 i - a +0 scythe
 l - the +3 spear of Segijaeb {elec, rC+ rN+, unknown}
   (You found it on level 5 of the Dungeon)

   Occasionally, upon striking a foe, it will discharge some electrical energy
   and cause terrible harm.
   It protects you from cold.
   It protects you from negative energy.
Missiles
 b - 76 stones (quivered)
Wands
 n - a wand of random effects (26/48)
Scrolls
 h - a scroll of enchant armour {unknown}
 k - a scroll of teleportation {unknown}
 m - a scroll of remove curse {unknown}
 o - a scroll of fog {unknown}
Potions
 e - a potion of invisibility
Books
 d - a book of Geomancy

   Spells                             Type                      Level
   a - Sandblast                      Earth                        1
   b - Passwall                       Transmutation/Earth          2
   c - Stone Arrow                    Conjuration/Earth            3
   d - Petrify                        Transmutation/Earth          4
   e - Lee's Rapid Deconstruction     Earth                        5
Comestibles
 c - a bread ration
 f - a beef jerky
 g - 2 meat rations


   Skills:
 + Level 2.2 Fighting
 + Level 2.1 Dodging
 - Level 1.7 Stealth
 * Level 3.7 Unarmed Combat
 - Level 2.0 Spellcasting
 - Level 1.0 Transmutations
 - Level 3.0 Earth Magic
 + Level 1.2 Invocations


You had 5 spell levels left.
You knew the following spells:

 Your Spells              Type           Power        Failure   Level  Hunger
a - Sandblast             Erth           ##....       6%          1    #......
b - Passwall              Tmut/Erth      #.........   12%         2    ###....


Dungeon Overview and Level Annotations

Branches:
Dungeon (5/15)
 Temple: D:4-7

Altars:
Cheibriados
Elyvilon
Pakellas
Ru
Yredelemnul
The Shining One

Annotations:
D:2 Sigmund
D:4 Menkaure


Innate Abilities, Weirdness & Mutations

Your plain brown scales are hard. (AC +5)
Your body does not fit into most forms of armour.
You are cold-blooded and may be slowed by cold attacks.
Your body sometimes deteriorates upon taking damage.
You are very frail. (-20% HP)


Message History

Unknown command.
Unknown command.
You completely miss something.
Unknown command.
You miss something.
Unknown command.
Unknown command.
Unknown command.
Unknown command.
Unknown command.
Unknown command.
Unknown command.
Unknown command.
You found a shaft!
Something barely misses you.
There is a stone staircase leading down here.
Unknown command.
You hear some strange, mumbled words.
A puff of flame appears from out of thin air!
The puff of flame hits you!
You die...

##...<.##
#.## ##...##
#.# ##'##
#.# #.# #.#
#.# #.#
##.##### #.#
##......####
#.....#.....
##..@...####
##.#...#
.......#
###.#.^.#
#.##### #.
#. ..


There were no monsters in sight!

Vanquished Creatures
  A hound (D:5)
  2 worker ants (D:4)
  A hound skeleton (D:4)
  3 adders
  A shadow imp (D:5)
  A giant gecko (D:3)
  An orc (D:5)
  A giant cockroach (D:1)
  A goblin (D:1)
  A hobgoblin (D:1)
  7 jackals
  2 kobolds (D:1)
  3 bats
  A giant cockroach zombie (D:5)
  2 giant newts (D:1)
  4 rats
32 creatures vanquished.

Notes
Turn   | Place    | Note
--------------------------------------------------------------
     0 | D:1      | 4thArraOfDagon the Draconian Earth Elementalist began the quest for the Orb.
     0 | D:1      | Reached XP level 1. HP: 14/14 MP: 3/3
    84 | D:1      | Reached skill level 1 in Unarmed Combat
   159 | D:1      | 4thArraOfDagon: hacjq
   159 | D:1      | 4thArraOfDagon: hi
   163 | D:1      | 4thArraOfDagon: jacq!
   163 | D:1      | 4thArraOfDagon: *
   166 | D:2      | jacquesderrida: hi...
   175 | D:2      | Reached XP level 2. HP: 20/20 MP: 5/5
   197 | D:2      | jacquesderrida: Little dreging
   239 | D:2      | Found an oddly glowing altar of Pakellas.
   240 | D:2      | Found a sacrificial altar of Ru.
   244 | D:2      | Became a worshipper of Ru the Awakened
   272 | D:2      | Found a snail-covered altar of Cheibriados.
   276 | D:2      | Reached XP level 3. HP: 17/27 MP: 2/6
   283 | D:2      | Fell from the grace of Ru
   283 | D:2      | Became a worshipper of Cheibriados the Contemplative
   323 | D:2      | Learned a level 2 spell: Passwall
   402 | D:4      | Noticed Menkaure
   438 | D:5      | Entered Level 5 of the Dungeon
   480 | D:5      | Reached skill level 1 in Fighting
   483 | D:5      | Reached XP level 4. HP: 32/35 MP: 7/7
   516 | D:5      | Got an encrusted spear
   540 | D:4      | Noticed a sky beast
   592 | D:4      | Reached skill level 1 in Invocations
   592 | D:4      | Reached XP level 5. HP: 30/41 MP: 8/8
   608 | D:3      | Reached * piety under Cheibriados
   626 | D:3      | Found a white marble altar of Elyvilon.
   660 | D:3      | Found a glowing golden altar of the Shining One.
   662 | D:3      | Noticed an angel
   667 | D:3      | Found a basalt altar of Yredelemnul.
   669 | D:3      | Noticed a profane servitor
   843 | D:2      | Noticed Sigmund
   863 | D:2      | Gained mutation: Your body sometimes deteriorates upon taking damage. [potion of mutation]
   863 | D:2      | Gained mutation: You are frail. (-10% HP) [potion of mutation]
   863 | D:2      | Gained mutation: You are very frail. (-20% HP) [potion of mutation]
   871 | D:2      | jacquesderrida: reee
   873 | D:2      | Killed from afar by Sigmund

Vault maps used:
D:1:      nicolae_arrival_somewhat_less_tricky_arrival, serial_bayou,
          serial_bayou_shore_b, serial_bayou_shore_a, serial_bayou_lagoon_a,
          serial_bayou_pond_c, serial_bayou_pond_b
D:2:      lemuel_zombie_altar_kikubaaqudgha, gammafunk_temple_overflow_statue,
          cheibriados_altar_1, first_bread, uniq_sigmund
D:3:      grunt_temple_overflow_holy_war, overflow_temple_1_default,
          lemuel_crystal_altar, elyvilon_altar_3
D:4:      uniq_menkaure

Skill      XL: |  1  2  3  4 |
---------------+-------------+-----
Unarmed Combat | 1 2 3 |  3.7
Fighting       | 1 2 |  2.2
Dodging        | 2 |  2.1
Invocations    | 1 |  1.2
Stealth        | |  1.7
Spellcasting   | |  2.0
Transmutations | |  1.0
Earth Magic    | |  3.0

Action                   |  1- 3 |  4- 6 || total
-------------------------+-------+-------++-------
Melee: Short sword       |    42 |    57 ||    99
       Tailslap          |     3 |     1 ||     4
 Cast: Sandblast         |     6 |       ||     6
Invok: Bend Time         |       |     1 ||     1
  Use: Potion            |     1 |     2 ||     3
 Stab: Sleeping          |     4 |     2 ||     6
Armor: Skin              |    18 |    18 ||    36
Dodge: Dodged            |    27 |    28 ||    55
